Map: Bel'Shir Vestige LE (Void)

Players

Serral - Winner!

  • Race: Zerg Zerg
  • Spawn Location: 11:00

TooDming

  • Race: Zerg Zerg
  • Spawn Location: 5:00

Event: WCS Austin 2017

VOD

Have the link to the VOD?

Description

Time

  • Played on: April 29, 2017, 11:52 a.m.
  • Length: 8:10

All games in this series

Show
View Real Time Build Order
Export as new Build Order

Serral Zerg - Winner!

Build Orders: Pool First 

Get SALT Encoding   

  12  0:17  Spawning Pool  
  11  0:22  Drone  
  11  0:27  Drone  
  13  0:32  Drone  
  14  0:40  Overlord  
  14  1:04  Zergling x2  
  14  1:05  Zergling x4  
  14  1:09  Queen  
  19  1:15  Zergling x2  
  20  1:27  Zergling x2  
  21  1:34  Hatchery  
  21  1:38  Zergling x2  
  21  1:48  Overlord  
  21  2:02  Queen, Extractor  
  22  2:10  Drone x2  
  24  2:16  Drone  
  24  2:17  Drone  
  24  2:20  Drone  
  27  2:25  Drone  
  27  2:33  Drone  
  28  2:44  Drone  
  29  2:45  Baneling Nest  
  29  2:48  Drone  
  29  2:54  Drone  
  29  2:57  Overlord  
  30  3:05  Drone  
  30  3:08  Drone  
  30  3:10  Drone x2  
  34  3:18  Drone x2  
  36  3:21  Metabolic Boost  
  36  3:27  Overlord  
  36  3:31  Baneling  
  36  3:32  Drone  
  37  3:34  Drone  
  37  3:36  Drone  
  37  3:39  Drone  
  40  3:44  Drone x2  
  40  3:45  Drone  
  40  3:48  Drone  
  44  3:50  Drone  
  44  3:53  Drone  
  46  3:56  Drone x2  
  48  4:06  Drone  
  49  4:10  Hatchery  
  49  4:15  Overlord  
  49  4:16  Extractor  
  47  4:18  Zergling x2  
  47  4:19  Zergling x4  
  47  4:20  Baneling x2  
  50  4:27  Roach Warren  
  50  4:30  Zergling x6  
  52  4:40  Zergling x2  
  52  4:41  Zergling x6  
  56  4:50  Zergling x8  
  56  4:51  Extractor  
  59  4:53  Overlord  
  59  4:56  Overlord  
  59  4:58  Overlord  
  58  5:01  Zergling x4  
  56  5:07  Overlord  
  56  5:09  Baneling x2  
  56  5:12  Overlord  
  56  5:14  Drone  
  55  5:22  Overlord  
  55  5:25  Drone x2  
  55  5:26  Baneling x2  
  57  5:32  Drone x2  
  57  5:33  Drone  
  60  5:40  Queen  
  60  5:42  Roach x2  
  65  5:44  Roach  
  65  5:45  Baneling x3  
  65  5:46  Baneling  
  67  5:53  Roach x2  
  71  5:59  Roach  
  71  6:01  Roach  
  71  6:03  Roach x2  
  78  6:06  Roach x2  
  81  6:12  Baneling  
  81  6:16  Roach x4  
  87  6:25  Ravager x2  
  76  6:26  Roach x2  
  76  6:27  Roach  
  76  6:28  Roach, Zergling x2  
  76  6:31  Roach  
  76  6:32  Zergling x2  
  81  6:35  Roach x2  
  81  6:38  Ravager  
  81  6:39  Roach  
  85  6:40  Zergling x2  
  85  6:42  Zergling x2  
  87  6:48  Baneling x2  
  87  6:51  Roach x2  
  87  6:53  Roach  
  87  6:55  Roach  
  82  7:03  Drone, Queen  
  82  7:04  Drone  
  82  7:05  Evolution Chamber  
  82  7:07  Baneling x2  
  85  7:15  Drone x2, Overlord  
  86  7:19  Roach x2  
  91  7:27  Zergling x4  
  91  7:36  Roach  
  93  7:38  Roach  
  93  7:39  Spine Crawler  
  94  7:46  Baneling x3  
  94  7:49  Roach  
  90  7:59  Ravager  
Show
View Real Time Build Order
Export as new Build Order

TooDming Zerg 

Build Orders: Hatch First 

Get SALT Encoding   

  12  0:00  Drone  
  13  0:12  Overlord  
  13  0:16  Drone  
  14  0:30  Drone x2  
  14  0:34  Drone  
  17  0:51  Hatchery  
  17  0:54  Drone  
  18  0:57  Drone  
  18  1:08  Extractor  
  17  1:12  Spawning Pool  
  17  1:15  Drone  
  17  1:18  Drone  
  18  1:28  Drone  
  19  1:38  Overlord  
  19  1:58  Queen  
  19  1:59  Zergling x2  
  19  2:01  Spine Crawler  
  21  2:02  Zergling x2  
  22  2:12  Metabolic Boost  
  22  2:15  Zergling x2  
  23  2:17  Zergling x4  
  23  2:22  Zergling x2  
  27  2:34  Overlord  
  27  2:39  Hatchery  
  26  2:55  Drone x2  
  28  3:08  Hatchery  
  27  3:15  Drone x2, Evolution Chamber  
  27  3:18  Drone  
  29  3:24  Overlord  
  29  3:39  Drone  
  30  3:41  Queen  
  30  3:43  Zerg Ground Armor Level 1  
  32  3:51  Drone  
  32  3:52  Drone  
  33  3:56  Drone x2  
  35  4:03  Drone  
  35  4:04  Drone  
  37  4:14  Overlord  
  37  4:18  Baneling Nest  
  37  4:21  Drone  
  37  4:22  Drone  
  38  4:25  Zergling x8  
  42  4:31  Zergling x2  
  43  4:39  Overlord  
  43  4:41  Queen  
  45  4:46  Zergling x8  
  45  4:47  Zergling x2  
  50  4:54  Zergling x2  
  50  4:55  Zergling x6  
  50  4:58  Zergling x2  
  50  4:59  Zergling x2  
  55  5:01  Zergling x2  
  55  5:03  Zergling x2  
  55  5:05  Baneling x2  
  49  5:11  Zergling x6  
  51  5:17  Zergling x2  
  51  5:18  Zergling x2  
  53  5:23  Zergling x6  
  53  5:28  Baneling x5  
  56  5:31  Zergling x2  
  56  5:32  Zergling x2  
  56  5:34  Overlord  
  57  5:37  Zergling x2  
  58  5:46  Baneling x2  
  58  5:47  Zergling x4  
  58  5:48  Overlord  
  59  6:00  Zergling x14  
  59  6:03  Zergling x4  
  66  6:05  Baneling  
  66  6:06  Baneling x2  
  64  6:11  Zergling x6  
  65  6:22  Zergling x2  
  65  6:25  Zergling x8  
  60  6:31  Zergling x2  
  59  6:34  Zergling x2  
  59  6:35  Zergling x6  
  58  6:40  Zergling x4  
  58  6:43  Zergling x2  
  55  6:55  Zergling x6  
  55  7:00  Zergling x2  
  54  7:01  Zergling x2  
  54  7:04  Zergling x2  
  56  7:09  Zergling x4  
  59  7:15  Zergling x4  
  59  7:16  Zergling x4  
  59  7:17  Zergling x6  
  59  7:20  Zergling x4  
  67  7:24  Zergling x2  
  67  7:26  Overlord x2  
  68  7:31  Baneling x5  
  68  7:33  Zergling x2  
  68  7:45  Zergling x14  
Tags
 
Add a new tag
Caveats
  • Supply blocks, unpowered buildings, or Contaminate may cause inaccurate times.
  • Supply counts are checked every 10 seconds.